 Dungeon Crawl Stone Soup version 0.21.1-1-g345015fe64 (webtiles) character file.

494 Peloso the Slasher (level 6, -4/55 HPs)
             Began as a Minotaur Fighter on June 7, 2018.
             Killed from afar by an electric eel (6 damage)
             ... with a bolt of electricity
             ... on level 3 of the Dungeon.
             The game lasted 00:05:15 (2389 turns).

Peloso the Slasher (Minotaur Fighter)               Turns: 2389, Time: 00:05:18

Health: -4/55      AC: 12    Str: 21    XL:     6   Next: 92%
Magic:  5/5        EV:  4    Int:  5    God:
Gold:   165        SH: 10    Dex: 11    Spells: 5/5 levels left

rFire    . . .     SeeInvis .   a - +0 long sword
rCold    . . .     Gourm    .   c - +0 shield (curse)
rNeg     . . .     Faith    .   b - +0 plate armour
rPois    .         Spirit   .   (helmet restricted)
rElec    .         Reflect  .   (no cloak)
rCorr    .         Harm     .   (no gloves)
MR       .....                  (no boots)
Stlth    ..........             (no amulet)
HPRegen  0.18/turn              m - ring of wizardry
MPRegen  0.09/turn              (no ring)

@: no status effects
A: retaliatory headbutt, horns 2
a: no special abilities


You were on level 3 of the Dungeon.
You were not hungry.

You visited 1 branch of the dungeon, and saw 3 of its levels.

You collected 165 gold pieces.

Inventory:

Hand Weapons
 a - a +0 long sword (weapon)
Armour
 b - a +0 plate armour (worn)
 c - a cursed +0 shield (worn)
Jewellery
 m - a ring of wizardry (left hand)
 s - a cursed amulet of inaccuracy {unknown}
Wands
 d - a wand of flame (17)
Scrolls
 g - 4 scrolls of identify {unknown}
 h - 3 scrolls of remove curse {unknown}
 j - 6 scrolls of amnesia {unknown}
 l - a scroll of enchant armour {unknown}
 o - 3 scrolls of teleportation {unknown}
 r - a scroll of noise {unknown}
Potions
 e - a potion of brilliance {unknown}
 i - a potion of degeneration {unknown}
 k - 4 potions of curing {unknown}
 n - a potion of flight {unknown}
 p - a potion of lignification {unknown}
 q - a potion of agility {unknown}
Comestibles
 f - 11 rations


   Skills:
 + Level 4.8 Fighting
 + Level 5.8 Long Blades
 + Level 5.5 Armour
 + Level 0.5 Dodging
 + Level 5.6 Shields


You had 5 spell levels left.
You didn't know any spells.

Dungeon Overview and Level Annotations

Branches:
Dungeon (3/15)

Altars:
Cheibriados
Qazlal
Yredelemnul

Annotations:
D:3 1 transporter


Innate Abilities, Weirdness & Mutations

You reflexively headbutt those who attack you in melee.
You have a pair of horns on your head.


Message History

Aiming: Throw Flame
Press: ? - help, Shift-Dir - straight line, f - electric eel
Aim: an electric eel The puff of flame hits the electric eel.
The electric eel is heavily wounded.
The electric eel is engulfed in a cloud of scalding steam.
The electric eel shoots out a bolt of lightning at you!
The bolt of electricity hits you!
The bolt of electricity hits the plant. x2
The electric eel shoots out a bolt of lightning at you!
The bolt of electricity hits you!
* * * LOW HITPOINT WARNING * * *
The bolt of electricity hits you!
* * * LOW HITPOINT WARNING * * *
The electric eel is engulfed in a cloud of scalding steam.
You kill the electric eel!
The electric eel shoots out a bolt of lightning at you!
The bolt of electricity hits you!
* * * LOW HITPOINT WARNING * * *
The bolt of electricity hits you!
You die...

#####..........# ##.###.###.##.##
#..............####..##.# #.##.##
#.###............###.##.###.##.##
...#.....#######.###.##...#.##.##
.⌠[..###.# ####...##..###.#.##.##
...#####.###....©.....# #.#.##.##
#.##......##.#######..# #.#.#...#
#.#.......##.#8.©.8#..# #.#.#...#
#.#.(.....##.#P.@.P#..###.#.#...#
#.#..........###'###...##.#.....#
#.##.........#;...§#.#.##.###....
...#.#...#...#≈.=.;#.#..#...<...)
.⌠...#.......#≈≈≈≈≈#.##.#........
...###.P.P...#≈P⌠P≈#.##...#......
#.## #.._....#≈≈≈≈≈#.###..###....
######†P.P...#≈≈PP≈#.# #.........
.............#≈≈≈≈≈#.# ##.##.....


You could see 2 electric eels.

Vanquished Creatures
  Sigmund (D:3)
  The ghost of Evaline the Gusty, an amateur DrAE (D:3)
  An electric eel (D:3)
  An orc wizard (D:3)
  2 orc priests (D:3)
  2 adders
  2 dart slugs (D:1)
  12 orcs (D:3)
  5 giant cockroaches
  2 goblins
  4 hobgoblins
  6 jackals (D:3)
  3 kobolds
  A quokka (D:3)
  3 ball pythons
  6 bats
  3 frilled lizards
  5 rats
60 creatures vanquished.

Notes
Turn   | Place    | Note
-------+----------+-------------------------------------------
     0 | D:1      | Peloso the Minotaur Fighter began the quest for the Orb.
     0 | D:1      | Reached XP level 1. HP: 19/19 MP: 0/0
   425 | D:1      | Reached XP level 2. HP: 27/27 MP: 1/1
   948 | D:2      | Reached XP level 3. HP: 26/33 MP: 2/2
   977 | D:2      | Found a stormy altar of Qazlal.
   979 | D:2      | Noticed an earth elemental
   980 | D:2      | Noticed a water elemental
   980 | D:2      | Noticed an air elemental
   980 | D:2      | Noticed a fire elemental
  1114 | D:2      | Found a faded altar of an unknown god.
  1149 | D:2      | Found a snail-covered altar of Cheibriados.
  1416 | D:3      | Noticed Sigmund
  1420 | D:3      | Noticed Evaline's ghost (amateur DrAE)
  1421 | D:3      | Killed Sigmund
  1421 | D:3      | Reached XP level 4. HP: 41/41 MP: 3/3
  1421 | D:3      | Reached XP level 5. HP: 47/47 MP: 4/4
  1434 | D:3      | Killed Evaline's ghost
  1434 | D:3      | Reached skill level 5 in Long Blades
  1434 | D:3      | Reached skill level 5 in Armour
  1434 | D:3      | Reached XP level 6. HP: 25/53 MP: 5/5
  1481 | D:3      | Found a transporter.
  1485 | D:3      | Found a transporter.
  1501 | D:3      | Found a basalt altar of Yredelemnul.
  1532 | D:3      | Reached skill level 5 in Shields
  2389 | D:3      | HP: 2/55 [electric eel/bolt of electricity (4)]
  2389 | D:3      | Killed from afar by an electric eel

Skill      XL: |  1  2  3  4  5  6 |
---------------+-------------------+-----
Long Blades    | 3 4 5 |  5.8
Fighting       | 4 |  4.8
Armour         | 4 5 |  5.5
Shields        | 4 5 |  5.6
Dodging        | |  0.5

Action                   |  1- 3 |  4- 6 || total
-------------------------+-------+-------++-------
Melee: Long sword        |    47 |   149 ||   196
       Headbutt          |     9 |    26 ||    35
Evoke: Wand              |       |     1 ||     1
  Use: Potion            |     1 |       ||     1
  Eat: Chunk             |     1 |     4 ||     5
Armor: Scale mail        |     9 |       ||     9
       Plate armour      |    11 |   100 ||   111
Dodge: Dodged            |     7 |    31 ||    38
Block: Shield            |    30 |    97 ||   127
       Rpst.: Long sword |       |     8 ||     8
